 Dungeon Crawl Stone Soup version 0.31-a0-75-g6fe912e8c5 (webtiles) character file.

Game seed: 14503280797373031767

1694630 Flugkiller the Slayer (level 26, 231/231 HPs)
             Began as a Barachi Monk on May 23, 2023.
             Was the Champion of Wu Jian.
             Escaped with the Orb
             ... and 3 runes!
             The game lasted 01:47:26 (64162 turns).

Flugkiller the Slayer (Barachi Monk)               Turns: 64162, Time: 01:47:27

Health: 231/231    AC: 53    Str: 35    XL:     26   Next: 54%
Magic:  32/32      EV: 16    Int:  9    God:    Wu Jian [******]
Gold:   4107       SH: 22    Dex:  7    Spells: 25/25 levels left

rFire   + + +        N - +9 broad axe (freeze)
rCold   + . .        Y - +1 tower shield {AC+3}
rNeg    + . .        C - +10 gold dragon scales
rPois   +            P - +1 helmet of Asceticism {rElec Will+ SInv}
rElec   +            E - +2 cloak "Woblely" {rF++ rN+ Int-4 Stlth+}
rCorr   +            g - +2 pair of gloves
SInv    +            e - +1 pair of boots of Opraenum {Str+7 Int+2 Dex-5 Stlth+}
Will    ++...        x - amulet of Poelo {Drain rPois Regen+ rCorr MP+9} Stlth
                     F - +6 ring of strength
HPRegen 1.38/turn    k - ring "Lyohaem" {rF+++ rCorr EV+5 Str+2 Dex-5}
MPRegen 0.23/turn

%: no passive effects
@: studying Ice Magic, slow
A: amphibious, slowness 1, strong legs 2, +LOS, dopey 1, shaggy fur 1,
electricity resistance
0: Orb of Zot
}: 3/15 runes: decaying, serpentine, silver
a: Hop, Renounce Religion, Wall Jump, Serpent's Lash, Heavenly Storm


You escaped.
You worshipped Wu Jian.
Wu Jian was exalted by your worship.
You visited 8 branches of the dungeon, and saw 44 of its levels.
You also visited: Ossuary, Ice Cave and Desolation.

You collected 8603 gold pieces.
You spent 4496 gold pieces at shops.

Inventory:

Hand Weapons
 N - a +9 broad axe of freezing (weapon)
   (You took it off a hell knight on level 3 of the Depths)
Missiles
 O - 2 throwing nets (quivered)
 S - 6 curare-tipped darts
Armour
 e - the +1 pair of boots of Opraenum (worn) {Str+7 Int+2 Dex-5 Stlth+}
   (You found it on level 3 of the Depths)

   Str:       It affects your strength (+7).
   Int:       It affects your intelligence (+2).
   Dex:       It affects your dexterity (-5).
   Stlth:     It makes you more stealthy.
 g - a +2 pair of gloves (worn)
   (You found it on level 1 of the Dungeon)
 i - the +1 pair of boots of the Marlin {rPois Will+}
   (You found it on level 2 of the Realm of Zot)

   rPois:     It protects you from poison.
   Will:      It increases your willpower.
 C - +10 gold dragon scales (worn)
   (You took it off Parghit on level 1 of the Realm of Zot)
 E - the +2 cloak "Woblely" (worn) {rF++ rN+ Int-4 Stlth+}
   (You found it on level 5 of the Realm of Zot)

   Int:       It affects your intelligence (-4).
   rF:        It greatly protects you from fire.
   rN:        It protects you from negative energy.
   Stlth:     It makes you more stealthy.
 L - a +2 cloak
   (You took it off Maurice on level 11 of the Dungeon)
 P - the +1 helmet of Asceticism (worn) {rElec Will+ SInv}
   (You bought it in a shop on level 2 of the Orcish Mines)

   rElec:     It insulates you from electricity.
   SInv:      It lets you see invisible.
   Will:      It increases your willpower.
 Y - a +1 tower shield of protection (worn)
   (You bought it in a shop on level 2 of the Orcish Mines)
Jewellery
 f - a ring of protection from fire
   (You found it on level 2 of the Depths)
 j - a +4 ring of slaying
   (You bought it in a shop on level 2 of the Orcish Mines)
 k - the ring "Lyohaem" (right hand) {rF+++ rCorr EV+5 Str+2 Dex-5}
   (You found it in the Desolation of Salt)

   [ring of evasion]

   EV:        It affects your evasion (+5).
   Str:       It affects your strength (+2).
   Dex:       It affects your dexterity (-5).
   rF:        It renders you almost immune to fire.
   rCorr:     It protects you from acid and corrosion.
 m - a ring of willpower
   (You found it on level 2 of the Lair of Beasts)
 p - a ring of protection from fire
   (You took it off a deep elf pyromancer on level 13 of the Dungeon)
 v - a +5 ring of evasion
   (You found it on level 2 of the Dungeon)
 x - the amulet of Poelo (around neck) {Drain rPois Regen+ rCorr MP+9}
   (You found it in the Desolation of Salt)

   [amulet of regeneration]

   rPois:     It protects you from poison.
   MP:        It affects your magic capacity (+9).
   Regen:     It increases your rate of health regeneration.
   rCorr:     It protects you from acid and corrosion.
   Drain:     It drains your maximum health when unequipped.
 F - a +6 ring of strength (left hand)
   (You found it on level 3 of the Depths)
 V - the ring "Piosuhuh" {rF+ rC+ Will+ Stlth-}
   (You bought it in a shop on level 2 of the Vaults)

   [ring of protection from cold]

   rF:        It protects you from fire.
   rC:        It protects you from cold.
   Will:      It increases your willpower.
   Stlth:     It makes you less stealthy.
Wands
 s - a wand of digging (16)
   (You found it on level 3 of the Lair of Beasts)
 M - a wand of paralysis (23)
   (You found it on level 8 of the Dungeon)
 Q - a wand of light (22)
   (You took it off a kobold on level 7 of the Dungeon)
 T - a wand of mindburst (31)
   (You took it off Maggie on level 8 of the Dungeon)
 X - a wand of iceblast (35)
   (You bought it in a shop on level 8 of the Dungeon)
Scrolls
 a - 5 scrolls of fog
 o - 6 scrolls of poison
 t - 7 scrolls of teleportation
 y - 4 scrolls of fear
 z - 9 scrolls of blinking
 G - 3 scrolls of vulnerability
 H - a scroll of magic mapping
 I - 4 scrolls of immolation
 R - a scroll of silence
 W - 7 scrolls of butterflies
Potions
 b - 4 potions of berserk rage
 c - 7 potions of ambrosia
 d - 4 potions of might
 h - 2 potions of haste
 l - 6 potions of invisibility
 n - a potion of resistance
 q - 14 potions of curing
 w - 3 potions of heal wounds
 A - 3 potions of magic
 B - 5 potions of mutation
 D - 7 potions of brilliance
 J - 7 potions of cancellation
 K - 9 potions of enlightenment
Miscellaneous
 r - a tin of tremorstones (2/2)
   (You found it on level 12 of the Dungeon)
 u - a phantom mirror
   (You found it on level 13 of the Dungeon)
 Z - a box of beasts
   (You found it on level 2 of the Lair of Beasts)


   Skills:
 - Level 24.0 Fighting
 - Level 4.0 Long Blades
 - Level 18.5(20.0) Axes
 - Level 12.0(16.0) Polearms
 - Level 24.0 Armour
 - Level 16.0 Dodging
 - Level 24.0 Shields
 + Level 18.0 Evocations


You had 25 spell levels left.
You didn't know any spells.
Your spell library contained the following spells:

 Spells                   Type           Power      Damage    Failure   Level
 Apportation              Tloc           0%         N/A       94%         1
 Foxfire                  Conj/Fire      0%         2x1d4     94%         1
 Freeze                   Ice            0%         1d3       94%         1
 Slow                     Hex            0%         N/A       94%         1
 Summon Small Mammal      Summ           0%         N/A       94%         1
 Blink                    Tloc           0%         N/A       98%         2
 Ensorcelled Hibernation  Hex/Ice        0%         N/A       98%         2
 Lesser Beckoning         Tloc           0%         N/A       98%         2
 Momentum Strike          Conj/Tloc      0%         3d8       98%         2
 Poisonous Vapours        Pois/Air       0%         N/A       98%         2
 Scorch                   Fire           0%         2d5       98%         2
 Static Discharge         Conj/Air       0%         2-2/arc   98%         2
 Sublimation of Blood     Necr           0%         N/A       98%         2
 Call Canine Familiar     Summ           0%         N/A       100%        3
 Confusing Touch          Hex            0%         N/A       100%        3
 Dazzling Flash           Conj/Hex       0%         N/A       100%        3
 Frozen Ramparts          Ice            0%         1d1       100%        3
 Gell's Gravitas          Tloc           0%         N/A       100%        3
 Hailstorm                Conj/Ice       0%         3d3       100%        3
 Inner Flame              Hex/Fire       0%         N/A       100%        3
 Mephitic Cloud           Conj/Pois/Air  0%         N/A       100%        3
 Ozocubu's Armour         Ice            0%         N/A       100%        3
 Portal Projectile        Hex/Tloc       0%         N/A       100%        3
 Spider Form              Tmut/Pois      0%         N/A       100%        3
 Summon Guardian Golem    Hex/Summ       0%         N/A       100%        3
 Teleport Other           Tloc           0%         N/A       100%        3
 Vampiric Draining        Necr           0%         2d6       100%        3
 Vhi's Electric Charge    Tloc/Air       0%         N/A       100%        3
 Volatile Blastmotes      Fire/Tloc      0%         2d10      100%        3
 Airstrike                Air            0%         2d(0-16)  100%        4
 Anguish                  Hex/Necr       0%         N/A       100%        4
 Cause Fear               Hex            0%         N/A       100%        4
 Flame Wave               Conj/Fire      0%         2d4       100%        4
 Fulminant Prism          Conj/Hex       0%         3d5       100%        4
 Ice Form                 Ice/Tmut       0%         N/A       100%        4
 Iskenderun's Mystic Bla  Conj/Tloc      0%         2d3       100%        4
 Leda's Liquefaction      Hex/Erth       0%         N/A       100%        4
 Olgreb's Toxic Radiance  Pois           0%         N/A       100%        4
 Passage of Golubria      Tloc           0%         N/A       100%        4
 Petrify                  Tmut/Erth      0%         N/A       100%        4
 Summon Ice Beast         Ice/Summ       0%         N/A       100%        4
 Summon Lightning Spire   Summ/Air       0%         N/A       100%        4
 Arcjolt                  Conj/Air       0%         1d10      100%        5
 Fireball                 Conj/Fire      0%         3d3       100%        5
 Freezing Cloud           Conj/Ice/Air   0%         6-21      100%        5
 Irradiate                Conj/Tmut      0%         3d11      100%        5
 Lee's Rapid Deconstruct  Erth           0%         3d4*      100%        5
 Metabolic Englaciation   Hex/Ice        0%         N/A       100%        5
 Silence                  Hex/Air        0%         N/A       100%        5
 Dispersal                Tloc           0%         N/A       100%        6
 Plasma Beam              Fire/Air       0%         2x1d11    100%        6
 Simulacrum               Ice/Necr       0%         N/A       100%        6
 Starburst                Conj/Fire      0%         6d3       100%        6
 Statue Form              Tmut/Erth      0%         N/A       100%        6
 Summon Cactus Giant      Summ           0%         N/A       100%        6
 Enfeeble                 Hex            0%         N/A       100%        7
 Malign Gateway           Summ/Tloc      0%         N/A       100%        7
 Ozocubu's Refrigeration  Ice            0%         4d7       100%        7
 Storm Form               Tmut/Air       0%         N/A       100%        7
 Lehudib's Crystal Spear  Conj/Erth      0%         10d2      100%        8
 Maxwell's Capacitive Co  Air            0%         ∞         100%        8
 Summon Horrible Things   Summ           0%         N/A       100%        8
 Fire Storm               Conj/Fire      0%         5d1       100%        9
 Polar Vortex             Ice            0%         N/A       100%        9


Dungeon Overview and Level Annotations

Branches:
Dungeon (15/15)            Temple (0/1) D:6            Lair (5/5) D:8
  Swamp (4/4) Lair:2        Snake (4/4) Lair:2        Slime (0/5) Lair:4
    Orc (2/2) D:10            Elf (0/3) Orc:2        Vaults (5/5) D:14
  Crypt (0/3) Vaults:2     Depths (4/4) D:15            Zot (5/5) Depths:4
Ossuary (visited)           IceCv (visited)         Desolation (visited)

Altars:
Cheibriados
Dithmenos
Elyvilon
Fedhas
Makhleb
Nemelex Xobeh
Vehumet
Wu Jian
Xom
Yredelemnul
The Shining One
Jiyva

Shops:
D:7 ?   D:8 *(   D:15 ([!*   Orc:2 ([=?(   Vaults:1 (   Vaults:2 *=

Portals:
Hell: Lair:5 Depths:1 Depths:2 Depths:3 Depths:4
Abyss: Depths:3
Pandemonium: Depths:1 Depths:2 Depths:4
Ziggurat: Depths:1
Trove: D:14 (give 12 potions of heal wounds)

Annotations:
D:3 3 runed translucent doors, funkygono's ghost, amateur MiFi
D:12 1 runed translucent door, Thantalas's ghost, journeyman GnAE
Lair:4 2 runed translucent doors
Snake:2 6 transporters
Vaults:1 1 runed translucent door, Aram's ghost, adept AtMo


Innate Abilities, Weirdness & Mutations

You are amphibious.
You cover ground slowly.
You can hop long distances.
You have an extended range of vision and can be seen from far away.
You are dopey. (Int -2)
You are covered in fur. (AC +1)
You are resistant to electric shocks. (rElec)


Message History

You spin and attack the Orb Guardian, with incredible momentum.
You slice the Orb Guardian!! You freeze the Orb Guardian!
The Orb Guardian is moderately wounded.
You spin and attack the hellwing repeatedly, with incredible momentum.
You slice the hellwing!! You freeze the hellwing!
You kill the hellwing!
The Council accepts your kill.
You spin and attack the Orb Guardian, with incredible momentum.
You hit the Orb Guardian. You freeze the Orb Guardian.
The Orb Guardian is heavily wounded.
Your supernatural speed expires.
The Orb Guardian attacks as you move away!
You block the Orb Guardian's attack.
Koxefaj struggles against the net.
You block the Orb Guardian's attack.
Koxefaj gestures.
Koxefaj struggles against the net. 2 ball lightnings come into view.
You block the Orb Guardian's attack.
The Orb Guardian hits you but does no damage.
The Orb Guardian attacks as you move away!
You block the Orb Guardian's attack.
The ball lightning explodes!
The blast of lightning engulfs the Orb Guardian!!
The ball lightning explodes!
The blast of lightning engulfs the Orb Guardian!!!
The Orb Guardian dies!
The blast of lightning engulfs you! You resist.
Your Evocations skill increases to level 18!
You hear a clap of thunder!
Koxefaj gestures. 2 ball lightnings come into view.
The ball lightning moves out of view.
You feel less exhausted.
The ball lightning explodes!
The blast of lightning engulfs you! You resist.
You hear a clap of thunder!
You hear a clap of thunder!
Koxefaj gestures at you.
You struggle to resist.
There is an escape hatch in the ceiling here.
Koxefaj gestures at you.
You struggle to resist.
A mysterious force pulls you upwards. The hatch slams shut behind you.
Level annotation: 3 runed translucent doors, funkygono's ghost, amateur MiFi
(D) Dungeon (T) Temple (L) Lair (S) Swamp (P) Snake Pit (M) Slime Pits (O) Orcish Mines (E) Elven Halls (V) Vaults (C) Crypt (U) Depths (H) Hell (Z) Zot
Where to? (Enter - D:1 @ (x,y), ? - help)
A Cate Len, a soul eater and a small abomination come into view.
Unknown command.
Press: ? - help, v - describe, . - travel
Here: Cate Len The floor.
Unknown command.
Unknown command.
You feel yourself speed up.
You open the door.
There is an open door here.
There is an escape hatch in the ceiling here.
Cate Len gestures.
A mysterious force pulls you upwards. The hatch slams shut behind you.
(D) Dungeon (T) Temple (L) Lair (S) Swamp (P) Snake Pit (M) Slime Pits (O) Orcish Mines (E) Elven Halls (V) Vaults (C) Crypt (U) Depths (H) Hell (Z) Zot
Where to? (Enter - D:1 @ (x,y), ? - help)
There is a stone staircase leading up here.
You climb upwards.
Your extra speed is starting to run out.
There is a stone staircase leading down here.
You feel yourself slow down.
An Orb Guardian comes into view.
Unknown command.
The Orb Guardian barely misses you.
You barely miss the Orb Guardian.
The Orb Guardian hits you but does no damage.
You spin and attack the Orb Guardian repeatedly.
You slice the Orb Guardian!! You freeze the Orb Guardian.
The Orb Guardian is moderately wounded.
You hit the Orb Guardian. You freeze the Orb Guardian.
The Orb Guardian is heavily wounded.
The Orb Guardian completely misses you.
The Orb Guardian hits you but does no damage.
You slice the Orb Guardian!! You freeze the Orb Guardian!
The Orb Guardian is almost dead.
You block the Orb Guardian's attack.
You slice the Orb Guardian!! You freeze the Orb Guardian.
You kill the Orb Guardian!
The Council accepts your kill.
(D) Dungeon (T) Temple (L) Lair (S) Swamp (P) Snake Pit (M) Slime Pits (O) Orcish Mines (E) Elven Halls (V) Vaults (C) Crypt (U) Depths (H) Hell (Z) Zot
Where to? (Enter - D:1 @ (x,y), ? - help)
You see here a +0 dagger.
There is an open door here.
There is a staircase leading out of the dungeon here.
Enter note: gg You have escaped!

..# ##..#####§≈≈≈≈≈≈#####..##...#
..###.### #≈≈≈.....≈≈≈# ###.##..#
..##.## #......)....# ##.##.#
..##.# ######'###### #.##.#
..##.##### ###8'8#8### #####.##.#
###.##≈..###.........###...##.#.#
#.#≈≈..##...........##....#.#.#
###.#≈...##............#....#.#.#
....+≈...'8.....@...........'.#.#
..#.#≈...#'............#....#.#.#
.##.#≈≈..##...........##....#.#.#
)##.##≈..###.........###...##.#.#
.##.###### ####8'8#### #####.##.#
.###.# ######'###### #.##.# .#
#.## #...........# ##.##.# .#
##.### #§≈≈.§§§.§≈≈# ###.###.# .#
##..#####≈≈§§§§≈#####..## #.#


There were no monsters in sight!

Vanquished Creatures
  2 dread liches (Vaults:5)
  3 orbs of fire
  2 ancient liches (Zot:5)
  Mennas (Depths:3)
  Boris (twice) (Vaults:3 Depths:4)
  Sojobo (Vaults:3)
  Vv (Depths:4)
  Parghit (Zot:1)
  Saint Roka (Vaults:2)
  3 Killer Klowns (Zot:5)
  3 curse toes
  the Lernaean hydra (Swamp:4)
  7 golden dragons
  Nikola (Vaults:1)
  A bone dragon (Depths:4)
  the Enchantress (Depths:3)
  A Brimstone Fiend (D:7)
  An Ice Fiend (IceCv)
  7 tentacled monstrosities
  Mlioglotl (Swamp:3)
  An electric golem (Zot:2)
  A Hell Sentinel (D:10)
  21 Orb Guardians
  A walking crystal tome (Depths:4)
  2 liches (Vaults:5)
  6 quicksilver dragons
  5 titans
  7 sphinxes
  4 death cobs
  2 ancient champions
  Kirke (D:12)
  7 tengu reavers
  7 storm dragons
  3 draconian monks
  A thorn hunter (Swamp:1)
  12 shadow dragons
  3 nagarajas (Snake:4)
  Donald (Swamp:2)
  6 draconian knights
  A fenstrider witch (Swamp:2)
  18 fire giants
  2 imperial myrmidons (Desolation)
  24 vault wardens
  Louise (Swamp:2)
  5 draconian shifters
  2 ghouls (Swamp:2)
  2 draconian scorchers (Zot:2)
  5 frost giants
  A ghost moth (Zot:5)
  A cacodemon (Depths:2)
  4 draconian stormcallers
  7 spriggan defenders
  A reaper (Depths:1)
  A draconian annihilator (Zot:5)
  4 orc warlords
  18 very ugly things
  18 ironbound preservers
  A war gargoyle (Vaults:5)
  10 stone giants
  3 green draconians
  6 black draconians
  A deep elf demonologist (Vaults:5)
  9 yellow draconians
  4 eleionomae
  3 vampire knights
  A deep elf annihilator (Vaults:5)
  5 dire elephants (Vaults:3)
  2 halazid warlocks (Desolation)
  7 ironbound thunderhulks
  11 spark wasps
  3 bunyips
  5 white draconians
  A lorocyproca (D:14)
  6 red draconians
  2 formless jellyfish
  2 eidola
  3 purple draconians
  9 ettins
  10 fire dragons
  3 crystal guardians
  3 deep elf death magi
  2 blizzard demons
  6 great orbs of eyes
  A formless jellyfish (shapeshifter) (Vaults:1)
  6 ragged hierophants (Desolation)
  3 ice dragons (Depths:4)
  A deep elf high priest (Vaults:5)
  3 rakshasas
  20 yaktaur captains
  Fannar (Lair:1)
  4 entropy weavers
  21 hydras
  33 vault guards
  8 peacekeepers
  4 servants of whispers
  A hell beast (Depths:1)
  5 salamander tyrants
  2 caustic shrike simulacra (IceCv)
  3 centaur warriors
  14 anacondas
  6 spriggan air magi (Depths:3)
  8 ironbound frosthearts
  7 tengu warriors
  2 ogre magi
  A dancing weapon (Vaults:5)
  7 two-headed ogres
  7 boulder beetles
  13 alligators
  6 deep troll shamans
  11 death yaks
  A hell hog (Depths:1)
  9 deep troll earth magi
  26 naga sharpshooters
  Sonja (Lair:2)
  14 naga warriors
  3 orc high priests
  A spriggan berserker (Depths:2)
  12 hell knights
  3 shock serpents
  4 soul eaters
  9 sun demons
  5 salamander mystics
  A sixfirhy (Lair:5)
  Amaemon (D:10)
  3 iron trolls
  59 deep trolls
  5 goliath frogs
  4 spriggan druids
  A shadow demon (D:7)
  2 flayed ghosts
  A skeletal warrior (D:14)
  2 obsidian statues (IceCv)
  10 swamp dragons
  20 wizards
  2 glowing orange brains
  8 naga ritualists
  7 bog bodies
  6 lindwurms
  17 ironbound convokers
  12 orc knights
  3 phantasmal warriors (Vaults:5)
  4 necromancers
  4 harpies (Vaults:3)
  A wolf spider (shapeshifter) (D:15)
  3 deep elf pyromancers
  A wolf spider zombie (D:12)
  5 deep elf zephyrmancers
  17 mana vipers
  A salamander (shapeshifter) (D:13)
  3 wolf spiders
  5 orc sorcerers
  4 will-o-the-wisps
  21 salamanders
  A manticore (shapeshifter) (Vaults:5)
  42 ugly things
  3 cyclopes
  4 elephants
  16 moths of wrath
  5 manticores
  Maurice (D:11)
  32 black mambas
  8 guardian serpents
  2 ice statues (D:14)
  16 vault sentinels
  4 centaur zombies (D:12)
  A molten gargoyle (Depths:1)
  18 cane toads
  A rust devil (Depths:1)
  Maggie (D:8)
  20 naga magi
  Psyche (D:12)
  7 orange demons
  A gargoyle (D:11)
  3 torpor snails
  An unseen horror (D:9)
  8 komodo dragons
  7 smoke demons
  7 freezing wraiths
  A hellion (Depths:1)
  2 efreet
  7 rime drakes
  A golden dragon simulacrum (IceCv)
  6 ice devils
  3 kobold demonologists
  25 yaktaurs
  A red devil (Depths:1)
  4 tengu conjurers
  2 hellwings
  2 polar bears
  A troll (shapeshifter) (Vaults:5)
  3 meliai (D:13)
  A queen bee (Lair:2)
  10 trolls
  6 tyrant leeches
  14 hornets
  42 saltlings
  A tarantella (shapeshifter) (Vaults:5)
  12 blink frogs
  7 dream sheep
  47 slime creatures
  16 spriggans
  7 wyverns
  A spriggan (shapeshifter) (D:14)
  3 shadows (D:12)
  2 culicivoras (Vaults:4)
  3 vampires
  A dire elephant simulacrum (IceCv)
  5 wraiths
  A ynoxinul (Depths:2)
  36 yaks
  Grum (D:11)
  4 fire bats
  10 basilisks
  3 steam dragons
  2 unseen horror simulacra (D:9)
  3 hogs (D:12)
  A neqoxec (Depths:1)
  A minotaur simulacrum (IceCv)
  4 redbacks
  8 vampire mosquitoes
  19 swamp worms
  12 wargs
  46 nagas
  3 acid dragons
  17 water moccasins
  A hydra simulacrum (IceCv)
  4 hell hounds (Lair:5)
  9 swamp drakes
  40 orc warriors
  5 black bears
  An alligator simulacrum (IceCv)
  8 ice beasts
  An ettin simulacrum (IceCv)
  18 wolves
  5 ogres
  3 centaurs
  A boggart (Vaults:2)
  A phantom (D:6)
  3 kobold brigands
  14 bullfrogs
  2 gnoll sergeants (D:8)
  A scorpion (D:6)
  3 water moccasin zombies (Ossuary)
  4 wights
  2 lindwurm simulacra (IceCv)
  35 killer bees
  A howler monkey (D:10)
  5 electric eels
  8 crimson imps (D:8)
  2 jellies
  4 hounds
  21 orc priests
  Crazy Yiuf (D:6)
  An iron imp (D:7)
  Terence (D:3)
  5 iguanas
  A sleepcap (D:5)
  15 orc wizards
  A hell rat (Lair:2)
  2 centaur simulacra
  A hound zombie (D:3)
  3 mummies
  Robin (D:3)
  10 gnolls (D:8)
  7 adders
  A shadow imp (D:6)
  4 white imps
  A howler monkey simulacrum (D:9)
  An ufetubus (D:9)
  8 adder zombies
  2 worms
  A dart slug (D:4)
  88 orcs
  8 endoplasms
  2 giant cockroaches
  7 gnoll zombies (Ossuary)
  19 goblins
  6 hobgoblins
  2 jackals (D:1)
  19 kobolds
  5 quokkas
  2 ball pythons
  6 bats
  4 frilled lizards
  6 hobgoblin zombies
  8 kobold zombies
  6 orc zombies (Ossuary)
  4 rats
1962 creatures vanquished.

Vanquished Creatures (collateral kills)
  A ghoul (Swamp:2)
  A spriggan air mage (Depths:3)
2 creatures vanquished.

Vanquished Creatures (others)
  An Orb Guardian (D:4)
  A draconian knight (Zot:5)
  A fire giant (Depths:1)
  A draconian stormcaller (Zot:2)
  A ragged hierophant (Desolation)
  A goliath frog (Swamp:1)
  2 wizards (D:12)
  A bloated husk (Swamp:3)
  A human (D:12)
  2 orc warriors (Vaults:2)
  An orc (Vaults:2)
  24 foxfires
37 creatures vanquished.

Grand Total: 2001 creatures vanquished

Notes
Turn   | Place    | Note
-------+----------+-------------------------------------------
     0 | D:1      | Flugkiller the Barachi Monk began the quest for the Orb.
     0 | D:1      | Reached XP level 1. HP: 18/18 MP: 1/1
    92 | D:1      | Reached XP level 2. HP: 21/25 MP: 2/2
   753 | D:1      | Reached XP level 3. HP: 28/30 MP: 3/3
  1081 | D:2      | Reached skill level 1 in Shields
  1136 | D:2      | Reached XP level 4. HP: 21/37 MP: 4/4
  2023 | D:3      | Noticed Robin
  2091 | D:3      | Killed Robin
  2203 | D:3      | Reached XP level 5. HP: 42/42 MP: 5/5
  2331 | D:3      | Noticed Terence
  2360 | D:3      | Killed Terence
  2474 | D:3      | Found a faded altar of an unknown god.
  2587 | D:3      | Found a runed translucent gate.
  2587 | D:3      | Found a runed translucent gate.
  2587 | D:3      | Found a runed translucent gate.
  2587 | D:3      | Noticed funkygono's ghost (amateur MiFi)
  2591 | D:3      | Found a basalt altar of Yredelemnul.
  2664 | D:3      | Prayed at the altar of an unknown god.
  2664 | D:3      | Became a worshipper of the Wu Jian Council
  2664 | D:3      | Reached * piety under Wu Jian
  2664 | D:3      | Reached ** piety under Wu Jian
  2965 | D:4      | Reached XP level 6. HP: 50/50 MP: 6/6
  3091 | D:4      | Reached *** piety under Wu Jian
  3127 | D:4      | Reached skill level 5 in Fighting
  3191 | D:4      | Reached skill level 5 in Shields
  3287 | D:4      | Identified the +9 spear of Ascent {venom, Drain +Blink
                  | rCorr Dex+6}
  3563 | D:5      | Entered Level 5 of the Dungeon
  3666 | D:5      | Noticed an ice beast
  3684 | D:5      | Found a sand-covered staircase.
  3696 | Ossuary  | Entered an ossuary
  3742 | Ossuary  | Reached XP level 7. HP: 51/57 MP: 7/7
  3855 | Ossuary  | Reached **** piety under Wu Jian
  3962 | D:5      | Found a glowing golden altar of the Shining One.
  4133 | D:5      | Reached skill level 1 in Polearms
  4142 | D:5      | Reached XP level 8. HP: 54/64 MP: 8/8
  4884 | D:6      | Found a staircase to the Ecumenical Temple.
  5159 | D:6      | Identified the +0 leather armour "Soloig" {Str-3 Dex+4}
  5185 | D:6      | Reached skill level 5 in Dodging
  5488 | D:6      | Found a runed translucent door.
  5489 | D:6      | Noticed Crazy Yiuf
  5496 | D:6      | Killed Crazy Yiuf
  5625 | D:7      | Reached XP level 9. HP: 63/72 MP: 9/9
  5842 | D:7      | Reached ***** piety under Wu Jian
  5844 | D:7      | Found Itisiz's Magic Scroll Emporium.
  5851 | D:7      | Bought a scroll of identify for 30 gold pieces
  5912 | D:7      | Found a shimmering altar of Xom.
  5921 | D:7      | Found a sparkling altar of Nemelex Xobeh.
  6413 | D:7      | Found a white marble altar of Elyvilon.
  6462 | D:7      | Found a snail-covered altar of Cheibriados.
  6550 | D:7      | Identified a scroll of acquirement
  6772 | D:8      | Reached skill level 1 in Evocations
  6817 | D:8      | Found a staircase to the Lair.
  6817 | D:8      | Noticed a rime drake
  6837 | D:8      | Killed a rime drake
  6985 | D:8      | Found a shadowy altar of Dithmenos.
  7064 | D:8      | Found Fucug's Weapon Emporium.
  7129 | D:8      | Reached XP level 10. HP: 66/80 MP: 10/10
  7244 | D:8      | Reached skill level 5 in Evocations
  7335 | D:8      | Noticed Maggie
  7354 | D:8      | Killed Maggie
  7355 | D:8      | Reached skill level 10 in Shields
  7654 | D:8      | Found Picenuub's Assorted Antiques.
  7713 | D:8      | Bought a scroll labelled DEMUJI MIFOR REO for 22 gold
                  | pieces
  7713 | D:8      | Bought a worn copper wand for 88 gold pieces
  8115 | D:9      | Noticed a two-headed ogre
  8315 | D:9      | Reached skill level 10 in Fighting
  8390 | D:9      | Killed a two-headed ogre
  8391 | D:9      | Reached skill level 5 in Polearms
  8544 | D:9      | Killed an unseen horror
  9026 | D:9      | Reached XP level 11. HP: 74/90 MP: 11/11
  9204 | D:10     | Entered Level 10 of the Dungeon
  9400 | D:10     | Found a radiant altar of Vehumet.
  9424 | D:10     | Found a blossoming altar of Fedhas.
  9431 | D:10     | Noticed Amaemon
  9455 | D:10     | Killed Amaemon
  9657 | D:10     | Found a staircase to the Orcish Mines.
  9910 | D:10     | Noticed a seven-headed hydra
  9911 | D:10     | Noticed an ogre mage
  9929 | D:10     | Killed a seven-headed hydra
 10576 | D:10     | Killed an ogre mage
 10952 | D:11     | Noticed Grum
 10972 | D:11     | Killed Grum
 11035 | D:11     | Noticed a two-headed ogre
 11045 | D:11     | Killed a two-headed ogre
 11046 | D:11     | Reached skill level 10 in Dodging
 11135 | D:11     | Noticed Maurice
 11147 | D:11     | Killed Maurice
 11327 | D:11     | Noticed a two-headed ogre
 11337 | D:11     | Killed a two-headed ogre
 11338 | D:11     | Reached skill level 1 in Armour
 11338 | D:11     | Reached XP level 12. HP: 90/97 MP: 12/12
 11684 | D:12     | Reached skill level 5 in Armour
 11991 | D:12     | Found a runed translucent door.
 11998 | D:12     | Found a shimmering altar of Xom.
 11998 | D:12     | Noticed Thantalas's ghost (journeyman GnAE)
 12153 | Lair:1   | Entered Level 1 of the Lair of Beasts
 12336 | D:7      | Bought a scroll of enchant weapon for 112 gold pieces
 12336 | D:7      | Bought a scroll of vulnerability for 60 gold pieces
 12949 | Lair:2   | Found a staircase to the Snake Pit.
 13013 | Lair:2   | Noticed Fannar
 13133 | Lair:1   | Killed Fannar
 13165 | Lair:1   | Reached ****** piety under Wu Jian
 13216 | Lair:2   | Gained mutation: You can hop long distances. [Barachi
                  | growth]
 13216 | Lair:2   | Reached XP level 13. HP: 64/103 MP: 13/13
 13339 | Lair:2   | Noticed Sonja
 13340 | Lair:2   | Killed Sonja
 13341 | Lair:2   | Reached skill level 10 in Polearms
 13385 | Lair:2   | Identified the +1 trident of Ravage {flame, Dex+3}
 13919 | Lair:2   | Identified the +4 broad axe of Reason {freeze, Str+2}
 14311 | Lair:2   | Found a staircase to the Swamp.
 14492 | D:7      | Bought a scroll of teleportation for 45 gold pieces
 14492 | D:7      | Bought a scroll of teleportation for 45 gold pieces
 14929 | Lair:3   | Reached skill level 15 in Shields
 15733 | Lair:4   | Found a viscous altar of Jiyva.
 15733 | Lair:4   | Found a staircase to the Slime Pits.
 15834 | Lair:4   | Found a runed translucent door.
 15937 | Lair:4   | Found a runed translucent door.
 16447 | Lair:5   | Entered Level 5 of the Lair of Beasts
 16451 | Lair:5   | Reached XP level 14. HP: 110/110 MP: 14/14
 18291 | Lair:5   | Found a burning altar of Makhleb.
 18444 | Lair:5   | Found a gateway to Hell.
 18452 | Lair:5   | Identified the +3 leather armour "Jarrubog" {rC+ Slay+4}
 19402 | D:12     | Noticed Psyche
 19407 | D:12     | Killed Psyche
 19437 | D:12     | Identified the +1 hand axe of a Hundred Hells {holy, Str+3}
 19449 | D:12     | Paralysed by an orc sorcerer for 4 turns
 19459 | D:12     | Reached XP level 15. HP: 83/115 MP: 15/15
 19470 | D:12     | Reached skill level 10 in Armour
 19534 | D:12     | Identified the +2 spear "Xisuuk" {venom, rPois Will- Dex+5}
 19814 | D:12     | Noticed Kirke
 19816 | D:12     | Noticed a sphinx
 19833 | D:12     | Killed Kirke
 20743 | D:13     | Got the Lessons on the Dragon and Envenoming
 21086 | D:13     | Identified the staff of cold "Dehaarhij" {rC+ rCorr Dex+3}
 21443 | D:14     | Reached skill level 15 in Fighting
 21469 | D:14     | Found a frozen archway.
 21678 | IceCv    | Entered an ice cave
 22094 | IceCv    | Noticed an Ice Fiend
 22348 | IceCv    | Killed an Ice Fiend
 22644 | IceCv    | Reached XP level 16. HP: 123/139 MP: 16/16
 23350 | D:14     | Found a portal to a secret trove of treasure.
 23592 | D:14     | Found a gate to the Vaults.
 23607 | D:14     | Identified the +5 short sword of the Eternal Warrior
                  | {speed, rElec Int+4}
 23732 | D:15     | Entered Level 15 of the Dungeon
 23803 | D:15     | Found Didaobla's Armour Boutique.
 23804 | D:15     | Found Sagiegh's Weapon Shoppe.
 24094 | D:15     | Found a staircase to the Depths.
 24540 | D:15     | Found Wahuud's Assorted Antiques.
 24593 | D:15     | Found Xojusemeoz's Distillery.
 24874 | Orc:1    | Entered Level 1 of the Orcish Mines
 24955 | Orc:1    | Reached skill level 15 in Dodging
 25601 | Orc:2    | Entered Level 2 of the Orcish Mines
 25793 | Orc:2    | Found a staircase to the Elven Halls.
 26177 | Orc:2    | Found Vadek's Jewellery Emporium.
 26205 | Orc:2    | Noticed Nessos
 26206 | Orc:2    | Nessos changed into Nessos the moth of wrath
 26206 | Orc:2    | Noticed Nessos
 26219 | Orc:2    | Killed Nessos the moth of wrath
 26436 | Orc:2    | Found Zugoen's Magic Scroll Shoppe.
 26777 | Orc:2    | Found Taolupag's Antique Weapon Emporium.
 26796 | Orc:2    | Found Petzits's Antique Armour Shoppe.
 27044 | Orc:2    | Found Ureyruev's Weapon Boutique.
 27191 | Orc:2    | Bought a jewelled helmet for 247 gold pieces
 27191 | Orc:2    | Identified the +1 helmet of Asceticism {rElec Will+ SInv}
                  | (You bought it in a shop on level 2 of the Orcish Mines)
 27201 | Orc:2    | Bought a glowing tower shield for 195 gold pieces
 27278 | Orc:2    | Bought a +4 ring of slaying for 936 gold pieces
 27280 | Orc:2    | Acquired 550 gold pieces
 27329 | Orc:2    | Bought a scroll of teleportation for 42 gold pieces
 27329 | Orc:2    | Bought a scroll of enchant weapon for 105 gold pieces
 27329 | Orc:2    | Bought a scroll of teleportation for 42 gold pieces
 27522 | D:15     | Bought a potion of haste for 130 gold pieces
 27522 | D:15     | Bought a potion of cancellation for 104 gold pieces
 27557 | D:15     | Bought a dented pearl amulet for 195 gold pieces
 27799 | Swamp:1  | Entered Level 1 of the Swamp
 28061 | Swamp:1  | Reached skill level 10 in Evocations
 28081 | Swamp:1  | Noticed a thorn hunter
 28091 | Swamp:1  | Reached XP level 17. HP: 140/149 MP: 17/17
 28559 | Swamp:1  | You are sucked into a shaft and drop 1 floor!
 28863 | Swamp:2  | Noticed Donald
 28895 | Swamp:2  | Killed Donald
 29125 | Swamp:2  | Noticed Louise
 29156 | Swamp:2  | Killed Louise
 29572 | Swamp:2  | Reached XP level 18. HP: 157/157 MP: 18/18
 30648 | Swamp:4  | Entered Level 4 of the Swamp
 30648 | Swamp:4  | Noticed Mlioglotl
 30683 | Swamp:3  | Noticed a profane servitor
 30685 | Swamp:3  | Killed Mlioglotl
 31296 | Swamp:4  | Noticed the 27-headed Lernaean hydra
 31319 | Swamp:4  | Killed the 27-headed Lernaean hydra
 31643 | Swamp:4  | Reached XP level 19. HP: 124/163 MP: 19/19
 31761 | Swamp:4  | Got a decaying rune of Zot
 31919 | Snake:1  | Entered Level 1 of the Snake Pit
 32022 | Snake:1  | Reached skill level 1 in Axes
 32996 | Snake:2  | Found a transporter.
 33007 | Snake:2  | Found a transporter.
 33090 | Snake:2  | Reached skill level 5 in Axes
 33517 | Snake:2  | Found a transporter.
 33519 | Snake:2  | Found a transporter.
 33549 | Snake:2  | Found a transporter.
 33628 | Snake:2  | Found a transporter.
 33780 | Snake:3  | Identified the +1 dagger of Generosity {flame, rF+}
 35616 | Snake:4  | Entered Level 4 of the Snake Pit
 36021 | Snake:4  | Reached XP level 20. HP: 163/174 MP: 20/20
 36956 | Snake:4  | Reached skill level 10 in Axes
 37212 | Snake:4  | Got a serpentine rune of Zot
 37674 | Vaults:1 | Entered Level 1 of the Vaults
 37749 | D:15     | Bought a glowing tower shield for 292 gold pieces
 38054 | Vaults:1 | Found a runed translucent door.
 38056 | Vaults:1 | Noticed Aram's ghost (adept AtMo)
 38288 | Vaults:1 | Found Ymaanewu's Weapon Shoppe.
 38483 | Vaults:1 | Identified the +1 ring mail "Lenac" {rElec rCorr Str+2
                  | Dex+3}
 38488 | Vaults:1 | Noticed Nikola
 38494 | Vaults:1 | Killed Nikola
 39653 | Vaults:2 | Found Typle's Assorted Antiques.
 39828 | Vaults:2 | Found a crumbling gateway.
 39908 | Vaults:2 | Reached XP level 21. HP: 69/186 MP: 21/21
 40019 | Desolati | Entered the Desolation of Salt
 40211 | Desolati | Identified the amulet of Poelo {Drain rPois Regen+ rCorr
                  | MP+9}
 40888 | Desolati | Got the Anthology of Topology
 40895 | Desolati | Got the Handbook of Gelid Zombies
 41059 | Desolati | Identified the ring "Lyohaem" {rF+++ rCorr EV+5 Str+2
                  | Dex-5}
 41063 | Desolati | Identified the +5 ring mail "Qeadah" {rPois rCorr Str+3
                  | Stlth+}
 42403 | Vaults:1 | Reached skill level 15 in Axes
 43210 | Vaults:2 | Noticed Saint Roka
 43247 | Vaults:2 | Killed Saint Roka
 43556 | Vaults:2 | Found a staircase to the Crypt.
 43570 | Vaults:2 | Found Fumi's Jewellery Shop.
 44045 | Vaults:3 | Noticed Sojobo
 44151 | Vaults:3 | Killed Sojobo
 44852 | Vaults:3 | Noticed Boris
 44875 | Vaults:3 | Killed Boris
 46402 | Vaults:4 | Reached XP level 22. HP: 184/194 MP: 22/22
 46634 | Vaults:4 | Reached skill level 15 in Armour
 48403 | Depths:1 | Entered Level 1 of the Depths
 48800 | Depths:1 | Found a one-way gateway to a ziggurat.
 48946 | Depths:1 | Found a one-way gate leading to the halls of Pandemonium.
 51272 | Depths:3 | Reached XP level 23. HP: 153/200 MP: 23/23
 51545 | Depths:3 | Reached skill level 15 in Evocations
 52130 | Depths:3 | Noticed the Enchantress
 52240 | Depths:3 | Killed the Enchantress
 52809 | Depths:3 | Noticed Mennas
 52868 | Depths:3 | Killed Mennas
 53041 | Depths:3 | Noticed a golden dragon
 53053 | Depths:3 | Killed a golden dragon
 53301 | Depths:3 | Identified the +1 pair of boots of Opraenum {Str+7 Int+2
                  | Dex-5 Stlth+}
 53305 | Depths:3 | Got Kipn's Monograph on Pneumatic Imprecation
 53430 | Depths:3 | Found a one-way gate to the infinite horrors of the Abyss.
 53495 | Depths:4 | Entered Level 4 of the Depths
 53803 | Depths:4 | Noticed Vv
 53837 | Depths:4 | Killed Vv
 54103 | Depths:4 | Noticed Boris
 54126 | Depths:4 | Killed Boris
 54489 | Depths:4 | Found a gate to the Realm of Zot.
 54904 | Depths:4 | Identified the +0 robe of the Blessed Realm {Int+2}
 54919 | Depths:4 | Reached XP level 24. HP: 210/210 MP: 23/23
 56981 | Vaults:5 | Entered Level 5 of the Vaults
 57113 | Vaults:5 | Noticed a dread lich
 57118 | Vaults:5 | Killed a dread lich
 57126 | Vaults:5 | Identified the +6 arbalest "Kice Ufe" {freeze, rPois SInv}
 57126 | Vaults:5 | Identified the +8 glaive of Ylat {freeze, *Slow rPois rF+++
                  | Stlth+}
 57314 | Vaults:5 | Reached XP level 25. HP: 190/222 MP: 23/23
 57335 | Vaults:5 | Found the +3 hat of Pondering {ponderous, Will+ MP+10
                  | Int+5}
 57416 | Vaults:5 | Acquired 648 gold pieces
 57471 | Vaults:5 | Got a silver rune of Zot
 57750 | Vaults:5 | Identified the +4 shortbow "Leviticus" {antimagic, rN+}
 57819 | Vaults:5 | Acquired 776 gold pieces
 58004 | Vaults:5 | Identified the +3 sling of Verdant Innocence {heavy, rElec
                  | rC+}
 58302 | Vaults:5 | Noticed a dread lich
 58316 | Vaults:5 | Killed a dread lich
 58759 | Vaults:2 | Bought the ring "Piosuhuh" {rF+ rC+ Will+ Stlth-} for 734
                  | gold pieces
 59217 | Zot:1    | Entered Level 1 of the Realm of Zot
 59388 | D:15     | Bought a scroll of magic mapping for 292 gold pieces
 59388 | D:15     | Bought 2 potions of haste for 780 gold pieces
 59601 | Zot:1    | Noticed an orb of fire
 59613 | Zot:1    | Killed an orb of fire
 60182 | Zot:1    | Noticed Parghit
 60195 | Zot:1    | Killed Parghit
 61340 | Zot:2    | Identified the +1 pair of boots of the Marlin {rPois Will+}
 61965 | Zot:5    | Entered Level 5 of the Realm of Zot
 62343 | Zot:5    | Noticed an ancient lich
 62347 | Zot:5    | Reached XP level 26. HP: 190/231 MP: 23/23
 62366 | Zot:5    | Killed an ancient lich
 62435 | Zot:5    | Noticed a Killer Klown
 62450 | Zot:5    | Noticed an orb of fire
 62456 | Zot:5    | Gained mutation: You are dopey. (Int -2) [an orb of fire]
 62460 | Zot:5    | Killed a Killer Klown
 62464 | Zot:5    | Noticed a Killer Klown
 62472 | Zot:5    | Noticed a Killer Klown
 62483 | Zot:5    | Killed an orb of fire
 62486 | Zot:5    | Noticed an ancient lich
 62490 | Zot:5    | Killed an ancient lich
 62498 | Zot:5    | Killed a Killer Klown
 62501 | Zot:5    | Killed a Killer Klown
 62538 | Zot:5    | Noticed an orb of fire
 62542 | Zot:5    | Gained mutation: You occasionally lose the ability to drink
                  | potions when taking damage. [an orb of fire]
 62548 | Zot:5    | Gained mutation: You are frail. (-10% HP) [an orb of fire]
 62553 | Zot:5    | Killed an orb of fire
 62567 | Zot:5    | Lost mutation: You are frail. (-10% HP) [potion of
                  | mutation]
 62567 | Zot:5    | Lost mutation: You occasionally lose the ability to drink
                  | potions when taking damage. [potion of mutation]
 62567 | Zot:5    | Gained mutation: You are covered in fur. (AC +1) [potion of
                  | mutation]
 62567 | Zot:5    | Gained mutation: You are resistant to electric shocks.
                  | (rElec) [potion of mutation]
 62619 | Zot:5    | Identified the +2 cloak "Woblely" {rF++ rN+ Int-4 Stlth+}
 63393 | Zot:5    | Noticed a Killer Klown
 63394 | Zot:5    | Noticed an orb of fire
 63396 | Zot:5    | Noticed an ancient lich
 63397 | Zot:5    | Noticed a Killer Klown
 63403 | Zot:5    | Got the Orb of Zot
 63994 | D:4      | Noticed Koxefaj the pandemonium lord
 64025 | D:3      | Noticed Cate Len the pandemonium lord
 64161 | D:1      | gg
 64162 | D:$      | Escaped with the Orb!

Illustrated notes

..# ##..#####§≈≈≈≈≈≈#####..##...#
..###.### #≈≈≈.....≈≈≈# ###.##..#
..##.## #......)....# ##.##.#
..##.# ######'###### #.##.#
..##.##### ###8'8#8### #####.##.#
###.##≈..###.........###...##.#.#
#.#≈≈..##...........##....#.#.#
###.#≈...##............#....#.#.#
....+≈...'8.....@...........'.#.#
..#.#≈...#'............#....#.#.#
.##.#≈≈..##...........##....#.#.#
)##.##≈..###.........###...##.#.#
.##.###### ####8'8#### #####.##.#
.###.# ######'###### #.##.# .#
#.## #...........# ##.##.# .#
##.### #§≈≈.....§≈≈# ###.###.# .#
##..#####≈≈≈≈§§≈#####..## #.#


Turn 64161 on D:1: gg

Levels and vault maps discovered:
D:1:      dpeg_arrival_morbid_curiosity, layout_basic, chequers_decorated_corner
D:2:      layout_basic
D:3:      layout_basic, nicolae_yredelemnul_ghost_church,
          shapermc_ecumenical_altar_acropolis, nicolae_figureground_sparkle,
          uniq_robin, uniq_terence
D:4:      layout_rooms, kennysheep_generic_room_5
D:5:      layout_basic, lemuel_crystal_altar, nicolae_ossuary_entry_giza
D:6:      layout_cave_pools, minmay_temple_entry_ruins, dk_rats_in_the_wall,
          uniq_crazy_yiuf_cottage
D:7:      layout_loops_cross, amcnicky_altar_gilded, slow_altar_2,
          jmf_multi_god_temple, serial_shops, nicolae_shop_just_a_little_nook
D:8:      layout_basic, nicolae_dithmenos_the_darkroom, hellmonk_lair_entry_icy,
          serial_shops, shop, shop_fountains, minmay_nine_imps, uniq_maggie
D:9:      layout_rooms, serial_ice, serial_ice_n, serial_ice_f, serial_ice_e,
          serial_ice_l, serial_ice_c, serial_ice_g
D:10:     minmay_slanted_spiral_squares, layout_basic, vehumet_crystals,
          mainiacjoe_overflow_alcove_1, uniq_amaemon
D:11:     layout_gridville, uniq_maurice, uniq_grum
D:12:     minmay_tri_stars, layout_loops_ring, ebering_ghost_xom, serial_undead,
          serial_undead_b, serial_undead_a, serial_undead_b, serial_undead_d,
          uniq_psyche, uniq_kirke
D:13:     layout_irregular_city, minmay_hollow_rounded_squares
D:14:     layout_cave_pods, david_vaults_5,
          portal_ice_cave_entry_ice_statue_two, enter_trove_6
D:15:     hangedman_depths_entry_try_elsewhere_first, layout_rooms,
          hangedman_decor_riveting, serial_shops, nicolae_shop_trees, shop,
          nicolae_shop_tiny_statue_garden, shop, chequers_serial_rivers_room_a
Lair:1:   layout_long_grid, lemuel_old_faithful, lemuel_fruit_fields,
          infiniplex_staircase_pool_2
Lair:2:   regret_index_bee_streams, layout_regular_city,
          nicolae_swamp_entry_splash_gauntlet, guppyfry_snake_entry_island,
          beast_lair_carwin_4, uniq_fannar, uniq_sonja
Lair:3:   layout_loops_ring, beast_lair_carwin_10, lemuel_fruit_tree
Lair:4:   dreamdust_labyrinth, layout_loops_ring, dpeg_slime_entry_enclosed,
          serial_bayou_lagoon_a, pf_torpor_hydra, serial_bayou_shore_b
Lair:5:   evil_forest, layout_hall_layers
Swamp:1:  layout_falls_marsh, nicolae_swamp_trees_clearing,
          infiniplex_staircase_pool
Swamp:2:  layout_basic_swamp, evilmike_swamp_ruin_house_1, swamp_pool1,
          uniq_louise, uniq_donald
Swamp:3:  layout_basic_swamp, nicolae_swamp_decorative_isthmus
Swamp:4:  swamp_old_school, layout_basic_swamp, uniq_mlioglotl
Snake:1:  layout_chambers, drop_trap, grunt_ministairs_14, grunt_megastairs_5
Snake:2:  layout_rooms, serial_nicolae_subway, nicolae_sub_station_metal,
          nicolae_sub_station_crystal, nicolae_sub_station_stone
Snake:3:  layout_chambers, nicolae_triple_integral
Snake:4:  snake_pit, layout_cave_town
Orc:1:    cheibrodos_orc_guarddog, layout_diamond_mine
Orc:2:    grunt_orc_community_town_hall, layout_caves,
          grunt_orc_community_big_house_1, grunt_orc_community_big_house_1,
          grunt_orc_community_house_3, grunt_orc_community_house_2,
          grunt_orc_community_house_1, grunt_orc_community_house_2,
          grunt_orc_community_house_3, minmay_shop_enchanted_jewellery,
          uniq_nessos
Vaults:1: hellmonk_ghost_big_iron, nicolae_vaults_closet_pinwheel_1,
          v_alt_pattern_1, vaults_room_corners, hangedman_vaults_unwind,
          v_pattern_1, ontoclasm_vaults_fault, ontoclasm_vaults_shuriken,
          nicolae_vaults_tetromino_T_1, layout_vaults_omnigrid, serial_shops,
          nicolae_shop_window_shopping, uniq_nikola
Vaults:2: portal_desolation_entry_salt, nicolae_vaults_offset_grid_hallway_4,
          minmay_crypt_entry_simple_box, nicolae_vaults_trapezoid_lopsided_1,
          nicolae_vaults_know_your_exits, hangedman_vaults_cutoff,
          nicolae_vaults_door_testing_chamber, vaults_dpeg_ring,
          nicolae_vaults_little_squares_4, dpeg_vaults_monster_row,
          vaults_room_pools, nicolae_vaults_little_squares_4,
          ontoclasm_vaults_loading_screen, dpeg_vaults_monster_box,
          nicolae_vaults_surprise_closet, layout_vaults_big_cross, serial_shops,
          nicolae_shop_tiny_statue_garden, nicolae_shop_pleasant_corner_grove,
          uniq_saint_roka, uniq_margery
Vaults:3: hangedman_vaults_hat, ontoclasm_vaults_hangar, v_alt_pattern_5,
          nicolae_vaults_circle_grid_b, ontoclasm_vaults_ring_small, v_misc_24,
          ontoclasm_vaults_spin, sword_in_stone, hangedman_vaults_maws,
          layout_vaults_chaotic_city, uniq_boris
Vaults:4: hangedman_vaults_stream, nicolae_vaults_layer_cake_slice,
          nicolae_vaults_shelves_hall, nicolae_vaults_network_barrier,
          nicolae_vaults_swerve, v_misc_4, nicolae_vaults_closet_pinwheel_6,
          nicolae_vaults_little_ls, vaults_dpeg_encased_lava,
          nicolae_vaults_asterisk, nicolae_vaults_diamond_1,
          nicolae_vaults_trapezoid_lopsided_1, nicolae_vaults_shrinking_rooms_1,
          nicolae_vaults_cochlea, vaults_mumra_hex, layout_vaults_maze_snakey
Vaults:5: serial_shops
Depths:1: layout_cave_shapes, enter_ziggurat_d, hellmouth_3, serial_rivers,
          chequers_serial_rivers_micro_c, chequers_serial_rivers_small_b,
          chequers_serial_rivers_small_b, chequers_serial_rivers_micro_c,
          chequers_serial_rivers_large_a, chequers_serial_rivers_marsh,
          grunt_pan_entry_spiral, chequers_serial_rivers_room_b,
          corner_web_ring, minmay_splitting_lines, firewood_loft
Depths:2: minmay_skeletal_surprise, layout_cave_shapes, rand_demon_pan_entry_3,
          hell_entry
Depths:3: minmay_the_grid_plus [minmay_the_grid_fan,
          minmay_the_grid_stretched_grid, minmay_the_grid_paths,
          minmay_the_grid_x, minmay_the_grid_prize_diamond_cup],
          layout_gridlike, abyss_entry, hell_entry,
          serial_sigils_hangedman_carve, uniq_enchantress, uniq_mennas
Depths:4: grunt_x_marks_the_spot, layout_gridville, grunt_metal_band, pan_entry,
          uniq_vv
Zot:1:    layout_gridlike, uniq_parghit
Zot:2:    layout_gridlike
Zot:3:    layout_gridville
Zot:4:    layout_twisted_circle, uniq_tiamat
Zot:5:    layout_gridlike, hangedman_zot_diagonal_lockstep

Skill      XL: |  1  2  3  4  5  6  7  8  9 10 11 12 13 14 15 16 17 18 19 20 21 22 23 24 25 26 |
---------------+-------------------------------------------------------------------------------+-----
Long Blades    | 4 |  4.0
Fighting       | 4 5 6 7 8 10 11 16 18 19 21 22 23 24 | 24.0
Dodging        | 4 5 8 11 14 16 | 16.0
Shields        | 2 3 4 5 7 8 9 10 12 15 18 19 20 21 22 24 | 24.0
Polearms       | 2 4 7 8 9 11 12 | 12.0
Evocations     | 4 5 8 10 13 14 16 18 | 18.0
Armour         | 1 8 9 11 14 20 21 22 24 | 24.0
Axes           | 9 12 16 17 18 | 18.5

Action                     |  1- 3 |  4- 6 |  7- 9 | 10-12 | 13-15 | 16-18 | 19-21 | 22-24 | 25-27 || total
---------------------------+-------+-------+-------+-------+-------+-------+-------+-------+-------++-------
  Melee: Falchion          |    92 |    75 |       |       |       |       |       |       |       ||   167
         Dagger            |       |    97 |       |       |       |       |       |       |       ||    97
         Spear             |       |    49 |   355 |   820 |  2017 |  1753 |  1796 |       |       ||  6790
         Broad axe         |       |       |       |       |       |       |   760 |  1757 |  1037 ||  3554
  Throw: Dart              |       |       |       |     2 |       |     3 |     2 |     3 |       ||    10
         Throwing net      |       |       |       |       |       |       |       |       |     1 ||     1
 Invoke: Serpent's Lash    |       |       |     1 |     5 |    21 |     9 |    16 |    15 |    10 ||    77
         Heavenly Storm    |       |       |       |       |       |       |     1 |     3 |       ||     4
Ability: Lunge             |       |     2 |       |     5 |    17 |    12 |    32 |    67 |    43 ||   178
         Whirlwind         |       |       |     3 |     6 |    68 |    40 |    76 |   310 |    39 ||   542
         Hop               |       |       |       |     1 |       |       |       |       |       ||     1
  Evoke: Wand              |       |       |       |     2 |     7 |     4 |     9 |     9 |     7 ||    38
         Phantom mirror    |       |       |       |       |       |     1 |     2 |     1 |       ||     4
         Box of beasts     |       |       |       |       |       |     1 |       |     1 |       ||     2
         Tin of tremorston |       |       |       |       |       |     1 |     5 |     5 |       ||    11
    Use: Scroll            |       |     3 |    12 |     5 |     6 |     2 |     3 |    10 |    12 ||    53
         Potion            |       |       |     6 |     1 |     8 |     2 |     3 |     8 |     6 ||    34
   Stab: Sleeping          |       |     2 |     5 |     4 |     8 |     3 |     4 |     1 |       ||    27
         Invisible         |       |       |       |     1 |     3 |     4 |       |     2 |       ||    10
         Distracted        |       |       |       |       |     3 |       |       |     2 |       ||     5
         Paralysed         |       |       |       |       |     1 |       |     8 |       |     6 ||    15
         Confused          |       |       |       |       |       |       |       |       |     3 ||     3
 Armour: Robe              |    18 |    17 |    10 |       |       |       |       |       |       ||    45
         Ring mail         |       |       |    24 |    60 |       |       |    43 |   145 |       ||   272
         Troll leather arm |       |       |       |    57 |    71 |       |       |       |       ||   128
         Leather armour    |       |       |       |       |    55 |    84 |    64 |       |       ||   203
         Skin              |       |       |       |       |     4 |       |       |       |       ||     4
         Swamp dragon scal |       |       |       |       |       |   146 |    76 |       |       ||   222
         Plate armour      |       |       |       |       |       |       |       |   197 |   124 ||   321
         Gold dragon scale |       |       |       |       |       |       |       |       |   246 ||   246
  Dodge: Dodged            |    78 |   147 |   153 |   458 |   765 |   689 |   673 |   565 |   314 ||  3842
  Block: Kite shield       |       |    50 |   130 |   485 |   836 |   415 |       |       |       ||  1916
         Tower shield      |       |       |       |       |       |   718 |  2248 |  1497 |   700 ||  5163
         Reflection        |       |       |       |       |       |    24 |   243 |    20 |       ||   287

Table legend: (Time is in decaauts)
 A = Elapsed time spent in this place.
 B = Non-inter-level travel time spent in this place.
 C = Inter-level travel time spent in this place.
 D = Time resting spent in this place.
 E = Time spent auto-exploring this place.
 F = Levels seen in this place.
 G = Mean time per level.
                   A        B        C        D        E       F      G
               +--------+--------+--------+--------+--------+-----+--------+
         Total |  69617 |  59698 |   9919 |  13999 |  28068 |  47 | 1481.2 |
       Dungeon |  22714 |  17851 |   4863 |   3707 |   8937 |  15 | 1514.3 |
          Lair |   7232 |   6200 |   1032 |    610 |   3534 |   5 | 1446.4 |
         Swamp |   4224 |   3962 |    262 |   1326 |   1563 |   4 | 1056.0 |
     Snake Pit |   5610 |   5339 |    271 |    671 |   3104 |   4 | 1402.5 |
  Orcish Mines |   2509 |   2286 |    223 |    481 |   1088 |   2 | 1254.5 |
        Vaults |  12354 |  10386 |   1968 |   2860 |   5066 |   5 | 2470.8 |
        Depths |   7873 |   6750 |   1123 |   2359 |   2705 |   4 | 1968.2 |
           Zot |   4232 |   4056 |    176 |    739 |   1811 |   5 |  846.4 |
       Ossuary |    295 |    295 |      0 |     17 |     21 |   1 |  295.0 |
      Ice Cave |    987 |    987 |      0 |    513 |      0 |   1 |  987.0 |
    Desolation |   1582 |   1582 |      0 |    712 |    235 |   1 | 1582.0 |
               +--------+--------+--------+--------+--------+-----+--------+

Top non-repeatable levels by time:
Vaults:1: 3213 daAuts
Vaults:2: 2706 daAuts
    D:14: 2554 daAuts
Depths:3: 2485 daAuts
    D:10: 2406 daAuts
Vaults:3: 2353 daAuts
Depths:4: 2224 daAuts
 Snake:3: 2069 daAuts
Vaults:5: 2049 daAuts
Vaults:4: 2031 daAuts
     D:8: 2029 daAuts
  Lair:2: 1928 daAuts
    D:12: 1913 daAuts
Depths:2: 1903 daAuts
    D:15: 1787 daAuts
